 Dungeon Crawl Stone Soup version 0.30-a0-135-g630cfc4551 (webtiles) character file.

Game seed: 10463937829567995782

11 IdlyInterested the Vexing (level 2, 0/22 HPs)
             Began as a Demonspawn Wanderer on Sept 20, 2022.
             Slain by a gnoll
             ... wielding a +0 flail
              (4 damage)
             ... on level 1 of the Dungeon.
             The game lasted 00:02:15 (776 turns).

IdlyInterested the Vexing (Demonspawn Wanderer)      Turns: 776, Time: 00:02:16

Health: 0/22       AC:  2    Str: 10    XL:     2   Next: 17%
Magic:  5/5        EV: 11    Int: 18    God:
Gold:   43         SH:  0    Dex:  9    Spells: 4/5 levels left

rFire   . . .      SeeInvis .    g - +0 short sword
rCold   . . .      Faith    .    (no shield)
rNeg    . . .      Spirit   .    d - +0 robe
rPois   .          Reflect  .    (no helmet)
rElec   .          Harm     .    (no cloak)
rCorr   .          Rampage  .    (no gloves)
Will    .....                    (no boots)
Stlth   +.........               (no amulet)
HPRegen 0.07/turn                (no ring)
MPRegen 0.09/turn                (no ring)

@: no status effects
A: demonic guardian 1
a: no special abilities


You were on level 1 of the Dungeon.
You visited 1 branch of the dungeon, and saw 2 of its levels.

You collected 43 gold pieces.

Inventory:

Hand Weapons
 a - a +0 club
 g - a +0 short sword (weapon)
Missiles
 h - 5 poisoned darts
Armour
 d - a +0 robe (worn)
Scrolls
 b - a scroll of teleportation
 e - a scroll of fog
Potions
 c - a potion of haste
 f - a potion of mutation {unknown}
 i - a potion of ambrosia {unknown}


   Skills:
 + Level 2.2 Fighting
 - Level 1.0 Armour
 * Level 1.0 Stealth
 - Level 2.0 Spellcasting
 * Level 5.1 Hexes


You had 4 spell levels left.
You knew the following spells:

 Your Spells              Type           Power      Damage    Failure   Level
a - Slow                  Hex            80%        N/A       2%          1

Your spell library contained the following spells:

 Spells                   Type           Power      Damage    Failure   Level
 Tukima's Dance           Hex            20%        N/A       6%          3
 Fulminant Prism          Conj/Hex       5%         3d7       52%         4


Dungeon Overview and Level Annotations

Branches:
Dungeon (2/15)

Altars:


Innate Abilities, Weirdness & Mutations

A weak demonic guardian rushes to your aid.


Message History

Magic restored.
i - a red potion A gnoll and 2 jackals come into view.
Found 11 gold pieces.
The gnoll shouts!
The jackal barks!
The gnoll hits you with a +0 flail!
Aiming: Slow (safe; 2% risk of failure)
Press: ? - help, Q - select action, (/) - cycle Shift-Dir - straight line, f - gnoll
Aim: a gnoll, wielding a +0 flail (chance to affect: 68%)
The gnoll seems to slow down.
The jackal barks!
The gnoll closely misses you.
You barely miss the gnoll. The gnoll misses you.
You closely miss the gnoll. You barely miss the gnoll.
The gnoll hits you with a +0 flail!
You hit the gnoll.
The gnoll is lightly wounded.
The gnoll barely misses you.
You barely miss the gnoll.
The gnoll is lightly wounded.
You hit the gnoll but do no damage.
The gnoll is lightly wounded.
The gnoll hits you with a +0 flail.
* * * LOW HITPOINT WARNING * * *
A demonic guardian appears!
You hit the gnoll.
The gnoll is moderately wounded.
Your shadow imp hits the gnoll but does no damage.
The gnoll closely misses you.
You barely miss the gnoll.
The gnoll is moderately wounded.
Your shadow imp hits the gnoll.
You hit the gnoll.
The gnoll is severely wounded.
The gnoll barely misses you.
Your shadow imp hits the gnoll but does no damage.
You hit the gnoll but do no damage.
The gnoll is severely wounded.
The gnoll hits you with a +0 flail.
You die...

..# . .$.
.###############.#
.#.............#.#
.#.###########.#.#
.#.# #.#h# .#.#
#.#h# .#.#
#.#g##.# ...######
#..@5..# .........
#.#.#### #..#####.
.....# #..#
###.### #..# #.#
#..# #.#
#..###########.#
#..............#
#.############.#


You could see a gnoll (slow, ally target), 2 jackals and a friendly shadow imp
(summoned).

Vanquished Creatures
  A dart slug (D:2)
  A goblin (D:2)
  2 jackals (D:2)
  A ball python (D:1)
  3 bats
  A frilled lizard (D:1)
  A kobold (D:2)
  A rat (D:1)
11 creatures vanquished.

Notes
Turn   | Place    | Note
-------+----------+-------------------------------------------
     0 | D:1      | IdlyInterested the Demonspawn Wanderer began the quest for
                  | the Orb.
     0 | D:1      | IdlyInterested set off with the following items: a +0 club,
                  | a scroll of teleportation, a potion of haste, a +0 robe, a
                  | scroll of fog; and the following spell memorised: Slow; and
                  | the following spells available to memorise: Tukima's Dance,
                  | Fulminant Prism.
     0 | D:1      | Reached XP level 1. HP: 16/16 MP: 3/3
    52 | D:1      | You fall into a shaft and drop 1 floor!
   393 | D:2      | Reached skill level 1 in Stealth
   393 | D:2      | Gained mutation: A weak demonic guardian rushes to your
                  | aid. [demonic ancestry]
   393 | D:2      | Reached XP level 2. HP: 20/22 MP: 1/5
   776 | D:1      | Slain by a gnoll

Illustrated notes

Levels and vault maps discovered:
D:1:      dpeg_arrival_ratfight, layout_loops_ring
D:2:      layout_rooms, ebering_ecumenical_altar_webs, roderic_lattice_a

Skill      XL: |  1 |
---------------+----+-----
Stealth        | 1 |  1.0
Fighting       | |  2.2
Armour         | |  1.0
Spellcasting   | |  2.0
Hexes          | |  5.1

Action                   || total
-------------------------++-------
Melee: Club              ||    48
       Short sword       ||    15
 Cast: Slow              ||     9
Armor: Robe              ||    16
Dodge: Dodged            ||    52

Table legend: (Time is in decaauts)
 A = Elapsed time spent in this place.
 B = Non-inter-level travel time spent in this place.
 C = Inter-level travel time spent in this place.
 D = Time resting spent in this place.
 E = Time spent auto-exploring this place.
 F = Levels seen in this place.
 G = Mean time per level.
                   A        B        C        D        E       F      G
               +--------+--------+--------+--------+--------+-----+--------+
         Total |    790 |    790 |      0 |    424 |    206 |   2 |  395.0 |
       Dungeon |    790 |    790 |      0 |    424 |    206 |   2 |  395.0 |
               +--------+--------+--------+--------+--------+-----+--------+

Top non-repeatable levels by time:
     D:2: 462 daAuts
     D:1: 327 daAuts
